 Dungeon Crawl Stone Soup version 0.28-a0-1493-g08698888e4 (webtiles) character file.

Game seed: 604682821334558569

1252 Hasart the Insei (level 8, 0/63 HPs)
             Began as a Demigod Transmuter on Jan 12, 2022.
             Slain by a kobold brigand (4 damage)
             ... on level 6 of the Dungeon.
             The game lasted 00:10:17 (6350 turns).

Hasart the Insei (Demigod Transmuter)               Turns: 6350, Time: 00:10:18

Health: 0/63       AC:  3    Str: 21    XL:     8   Next: 5%
Magic:  15/16      EV: 14    Int: 15    God:
Gold:   348        SH:  5    Dex: 18    Spells: 8/14 levels left

rFire   . . .      SeeInvis +     - Unarmed
rCold   . . .      Faith    .   (no shield)
rNeg    . . .      Spirit   .   a - +1 robe
rPois   .          Reflect  +   (helmet currently unavailable)
rElec   .          Harm     .   (no cloak)
rCorr   .          Rampage  .   (no gloves)
Will    .....                   (boots currently unavailable)
Stlth   ++........              f - amulet of reflection
HPRegen 0.20/turn               g - ring of see invisible
MPRegen 0.15/turn               h - +6 ring of strength

@: lethally poisoned (0 -> -18), appendages, wereblooded
A: horns 2, talons 2, high mp 1, forlorn, divine attributes
a: End Transformation


You were on level 6 of the Dungeon.
You had temporarily grown beastly horns and talons.
You visited 1 branch of the dungeon, and saw 6 of its levels.

You collected 348 gold pieces.

Inventory:

Armour
 a - a +1 robe (worn)
Jewellery
 f - an amulet of reflection (around neck)
 g - a ring of see invisible (left hand)
 h - a +6 ring of strength (right hand)
 o - a ring of protection from fire
 q - a ring of poison resistance
Wands
 e - a wand of digging (4)
Scrolls
 b - a scroll of enchant armour
 c - 3 scrolls of identify
 d - a scroll of fear
Potions
 i - a potion of resistance {unknown}
 m - 2 potions of attraction
 n - a potion of ambrosia


   Skills:
 + Level 3.5 Fighting
 + Level 3.8 Dodging
 * Level 5.6 Unarmed Combat
 + Level 3.5 Spellcasting
 + Level 3.8 Transmutations
 + Level 2.7 Poison Magic


You had 8 spell levels left.
You knew the following spells:

 Your Spells              Type           Power      Damage    Failure   Level
a - Beastly Appendage     Tmut           28%        N/A       4%          1
b - Wereblood             Tmut           14%        N/A       6%          2
c - Spider Form           Tmut/Pois      12%        N/A       14%         3

Your spell library contained the following spells:

 Spells                   Type           Power      Damage    Failure   Level
 Gell's Gravitas          Tloc           2%         N/A       50%         3
 Lesser Beckoning         Tloc           2%         N/A       50%         3
 Teleport Other           Tloc           2%         N/A       50%         3
 Ice Form                 Ice/Tmut       8%         N/A       65%         4


Dungeon Overview and Level Annotations

Branches:
Dungeon (6/15)             Temple (0/1) D:5


Innate Abilities, Weirdness & Mutations

You have temporarily grown beastly horns and talons.
You have an increased reservoir of magic. (+10% MP)
You shall have no god before yourself.
Your divine heritage dramatically boosts your attributes as you level up.


Message History

You feel sick.
The kobold brigand hits you with a +2 dagger of venom.
You are more poisoned.
You barely miss the kobold brigand.
You headbutt the kobold brigand, but do no damage.
Your punch misses the kobold brigand.
The kobold brigand is severely wounded.
You feel very sick.
The kobold brigand hits you with a +2 dagger of venom!
You are lethally poisoned!
You hit the kobold brigand.
The kobold brigand is severely wounded.
You feel very sick.
The kobold brigand hits you with a +2 dagger of venom!
* * * LOW HITPOINT WARNING * * *
You are more poisoned.
Unknown command.
You feel much better.
You feel extremely sick. The kobold brigand closely misses you.
You closely miss the kobold brigand.
Your headbutt misses the kobold brigand.
The kobold brigand is severely wounded.
* * * LOW HITPOINT WARNING * * *
You feel extremely sick. The kobold brigand closely misses you.
Unknown command.
You barely miss the kobold brigand. You claw the kobold brigand.
The kobold brigand is severely wounded.
* * * LOW HITPOINT WARNING * * *
You feel very sick. The kobold brigand closely misses you.
Unknown command.
You closely miss the kobold brigand. You claw the kobold brigand.
You headbutt the kobold brigand.
The kobold brigand is almost dead.
* * * LOW HITPOINT WARNING * * *
You feel very sick.
The kobold brigand hits you with a +2 dagger of venom.
You die...

.#..### .##.#.#######
### #+..........# #..
##...#####.# #.# ##.#.#
#.## #.# +.##.#####..#
#.# #....#....#.###.#
#..###.##.#..##)#
##.......#.##.##@# #
....###..#.##).#K# ..#
....###.<#.###.#K#.....
........[...............
#..#####.#####..##.#....
...# #... #...#.# .#
...# #...# #...... ...#
#.....#....... ...#
#.#.#.#.......#


You could see a kobold brigand and a kobold.

Vanquished Creatures
  Menkaure (D:4)
  A water moccasin (D:6)
  3 necrophages
  An ogre (D:3)
  Blork the orc (D:4)
  A water moccasin zombie (D:5)
  A scorpion (D:6)
  A centaur zombie (D:5)
  A jelly (D:5)
  A centaur skeleton (D:5)
  An orc priest (D:4)
  A bullfrog skeleton (D:5)
  2 iguanas
  2 orc wizards (D:4)
  A killer bee zombie (D:5)
  4 gnolls (D:3)
  5 adders
  A shadow imp (D:5)
  2 white imps
  2 ufetubi
  3 worms
  3 dart slugs
  17 orcs
  7 endoplasms
  4 giant cockroaches
  8 goblins
  6 hobgoblins
  4 jackals (D:1)
  7 kobolds
  3 quokkas
  7 ball pythons
  10 bats
  4 frilled lizards
  6 rats
122 creatures vanquished.

Notes
Turn   | Place    | Note
-------+----------+-------------------------------------------
     0 | D:1      | Hasart the Demigod Transmuter began the quest for the Orb.
     0 | D:1      | Reached XP level 1. HP: 15/15 MP: 5/5
    36 | D:1      | Reached skill level 1 in Fighting
   258 | D:1      | Reached XP level 2. HP: 10/23 MP: 5/7
   793 | D:1      | Reached skill level 3 in Unarmed Combat
  1430 | D:2      | Reached XP level 3. HP: 28/28 MP: 8/8
  2348 | D:3      | Reached XP level 4. HP: 28/36 MP: 7/10
  2489 | D:3      | Learned a level 2 spell: Wereblood
  2493 | D:3      | Learned a level 3 spell: Spider Form
  2829 | D:3      | Noticed an ogre
  2837 | D:3      | Killed an ogre
  2838 | D:3      | Reached skill level 4 in Unarmed Combat
  2838 | D:3      | Reached XP level 5. HP: 40/41 MP: 11/11
  2964 | D:3      | Noticed a necrophage
  2978 | D:3      | Killed a necrophage
  2979 | D:3      | Reached skill level 1 in Poison Magic
  2979 | D:3      | Reached XP level 6. HP: 47/50 MP: 13/13
  3334 | D:4      | Noticed Menkaure
  3349 | D:4      | Killed Menkaure
  4125 | D:4      | Noticed Blork the orc
  4135 | D:4      | Killed Blork the orc
  4445 | D:4      | Reached XP level 7. HP: 47/56 MP: 12/14
  4973 | D:5      | Entered Level 5 of the Dungeon
  5128 | D:5      | Reached skill level 5 in Unarmed Combat
  5367 | D:5      | Found a staircase to the Ecumenical Temple.
  6041 | D:6      | Reached XP level 8. HP: 42/63 MP: 13/16
  6350 | D:6      | Slain by a kobold brigand

Illustrated notes

Levels and vault maps discovered:
D:1:      minmay_arrival_shattered_statue, layout_basic, minmay_tetromino_o2
D:2:      layout_rooms, chequers_ecumenical_altar_simple_redux, minmay_vboxes
D:3:      layout_rooms, grunt_temple_overflow_open
D:4:      layout_cave_pools, mainiacjoe_overflow_catwalk, uniq_blork_the_orc,
          uniq_menkaure
D:5:      layout_cave_pools, nicolae_dithmenos_the_darkroom,
          minmay_temple_entry_fiery
D:6:      layout_basic, mainiacjoe_overflow_24_doors,
          nicolae_overflow_hidden_temple, minmay_misc_feat_more_columns,
          nrook_mini_vaults

Skill      XL: |  1  2  3  4  5  6  7 |
---------------+----------------------+-----
Fighting       | 1 2 3 |  3.5
Dodging        | 2 3 |  3.8
Transmutations | 2 3 |  3.8
Spellcasting   | 2 3 |  3.5
Unarmed Combat | 3 4 5 |  5.6
Poison Magic   | 1 2 |  2.7

Action                   |  1- 3 |  4- 6 |  7- 9 || total
-------------------------+-------+-------+-------++-------
Melee: Unarmed           |   160 |   120 |   105 ||   385
       Punch             |     4 |     7 |     5 ||    16
       Kick              |     9 |    21 |    26 ||    56
       Headbutt          |     4 |    14 |    20 ||    38
 Cast: Beastly Appendage |     6 |    13 |    16 ||    35
       Wereblood         |       |     5 |     6 ||    11
  Use: Scroll            |       |       |    11 ||    11
       Potion            |       |       |     1 ||     1
 Stab: Sleeping          |       |     3 |       ||     3
Armor: Robe              |    25 |     8 |    13 ||    46
Dodge: Dodged            |   108 |    60 |    56 ||   224
Block: Other             |    20 |    20 |    19 ||    59

Table legend: (Time is in decaauts)
 A = Elapsed time spent in this place.
 B = Non-inter-level travel time spent in this place.
 C = Inter-level travel time spent in this place.
 D = Time resting spent in this place.
 E = Time spent auto-exploring this place.
 F = Levels seen in this place.
 G = Mean time per level.
                   A        B        C        D        E       F      G
               +--------+--------+--------+--------+--------+-----+--------+
         Total |   6320 |   6155 |    165 |   1029 |   4150 |   6 | 1053.3 |
       Dungeon |   6320 |   6155 |    165 |   1029 |   4150 |   6 | 1053.3 |
               +--------+--------+--------+--------+--------+-----+--------+

Top non-repeatable levels by time:
     D:4: 1512 daAuts
     D:1: 1330 daAuts
     D:3: 1108 daAuts
     D:2: 1001 daAuts
     D:5: 881 daAuts
     D:6: 487 daAuts
